 Dungeon Crawl Stone Soup version 0.27-a0-1565-gad902ab807 (webtiles) character file.

Game seed: 5122818875276929460

292892 Sin92 the Warrior (level 20, -12/164 HPs)
             Began as a Demonspawn Fighter on July 15, 2021.
             Was the Champion of Okawaru.
             Killed from afar by a deep elf zephyrmancer (28 damage)
             ... with a bolt of lightning
             ... on level 3 of the Elven Halls on July 16, 2021.
             The game lasted 01:41:51 (42077 turns).

Sin92 the Warrior (Demonspawn Fighter)             Turns: 42077, Time: 01:41:52

Health: -12/164    AC: 29    Str: 19    XL:     20   Next: 0%
Magic:  29/29      EV: 24    Int: 17    God:    Okawaru [******]
Gold:   1653       SH: 21    Dex: 32    Spells: 19/19 levels left

rFire    + + +     SeeInvis .   R - +5 trident "Goblinslayer" {drain, Int+2 Dex+2}
rCold    + . .     Faith    .   Z - +0 kite shield "Ixiosaze" {Dex+5}
rNeg     + + +     Spirit   .   K - +3 chain mail of the Blind Marksman {rC+ Dex+7 Stlth-}
rPois    +         Reflect  +   (helmet unavailable)
rElec    .         Harm     .   v - +2 cloak {Will+}
rCorr    .         Rampage  .   t - +1 pair of gloves of Tartarus {Drain rPois Regen+}
Will     ++++.                  N - +2 pair of boots {Stlth+}
Stlth    ..........             w - amulet of reflection
HPRegen  1.37/turn              E - ring of the Raven {EV+4 Str+3 Int+3}
MPRegen  0.21/turn              G - ring of Dawn {rF+++ rN+++ Will+ Str-5 Dex+3}

@: about to teleport
A: horns 3, foul stench 2, spiny 2, sharp scales 3, demonic willpower
}: 2/15 runes: decaying, gossamer
a: Renounce Religion, Heroism, Finesse


You were on level 3 of the Elven Halls.
You worshipped Okawaru.
Okawaru was exalted by your worship.
You visited 7 branches of the dungeon, and saw 35 of its levels.
You visited 1 bazaar.
You also visited: Ossuary, Gauntlet and Volcano.

You collected 4136 gold pieces.
You spent 2483 gold pieces at shops.

Inventory:

Hand Weapons
 R - the +5 trident "Goblinslayer" (weapon) {drain, Int+2 Dex+2}
   (You acquired it on level 2 of the Orcish Mines)

   A truly terrible weapon, it drains the life of any living foe it strikes.
   Int:       It affects your intelligence (+2).
   Dex:       It affects your dexterity (+2).
 S - a +3 demon trident of electrocution
Missiles
 o - 6 curare-tipped darts (quivered)
 V - 6 boomerangs of dispersal
Armour
 g - the +2 hood of the Assassin {Detection Stab+ Stlth++}
   (Okawaru gifted it to you on level 11 of the Dungeon)

   It allows the wearer to sense nearby creatures.
   It allows the wearer to make particularly effective stabbing attacks against
   helpless or unaware enemies with any weapon.
   Stlth:     It makes you much more stealthy.
 p - a +5 plate armour of poison resistance
 r - the +3 warlock's mirror {reflect}
   (Okawaru gifted it to you on level 4 of the Swamp)

   It can block and reflect piercing ranged attacks and magical attacks against
   the wielder's willpower.
 t - the +1 pair of gloves of Tartarus (worn) {Drain rPois Regen+}
   (You found it on level 12 of the Dungeon)

   rPois:     It protects you from poison.
   Regen:     It increases your rate of health regeneration.
   Drain:     It drains your maximum health when unequipped.
 v - a +2 cloak of willpower (worn)
 x - a +2 pair of gloves of dexterity
 B - the +0 mask of the Dragon {Will+ Slay+3 SInv}
   (You found it on level 6 of the Dungeon)

   Slay:      It affects your accuracy & damage with ranged weapons and melee
   (+3).
   SInv:      It lets you see invisible.
   Will:      It increases your willpower.
 K - the +3 chain mail of the Blind Marksman (worn) {rC+ Dex+7 Stlth-}
   (You found it on level 9 of the Dungeon)

   Dex:       It affects your dexterity (+7).
   rC:        It protects you from cold.
   Stlth:     It makes you less stealthy.
 N - a +2 pair of boots of stealth (worn)
 U - the +2 hat of Horuba {rElec rC++}
   (Okawaru gifted it to you on level 4 of the Lair of Beasts)

   rC:        It greatly protects you from cold.
   rElec:     It insulates you from electricity.
 X - the +0 hat of Gadiec {*Slow rElec Regen+ Str+6}
   (Okawaru gifted it to you in a Gauntlet)

   Str:       It affects your strength (+6).
   rElec:     It insulates you from electricity.
   Regen:     It increases your rate of health regeneration.
   *Slow:     It may slow you when you take damage.
 Z - the +0 kite shield "Ixiosaze" (worn) {Dex+5}
   (Okawaru gifted it to you on level 1 of the Elven Halls)

   Dex:       It affects your dexterity (+5).
Jewellery
 f - a ring of resist corrosion
 w - an amulet of reflection (around neck)
 D - an amulet of faith
 E - the ring of the Raven (left hand) {EV+4 Str+3 Int+3}
   (You took it off a centaur on level 8 of the Dungeon)

   [ring of evasion]

   EV:        It affects your evasion (+4).
   Str:       It affects your strength (+3).
   Int:       It affects your intelligence (+3).
 F - the amulet of Vitality {Regen+ HP+15}
   (You found it on level 4 of the Spider Nest)

   [amulet of regeneration]

   HP:        It affects your health (+15).
   Regen:     It increases your rate of health regeneration.
 G - the ring of Dawn (right hand) {rF+++ rN+++ Will+ Str-5 Dex+3}
   (You found it in a Gauntlet)

   [ring of willpower]

   Str:       It affects your strength (-5).
   Dex:       It affects your dexterity (+3).
   rF:        It renders you almost immune to fire.
   rN:        It renders you almost immune to negative energy.
   Will:      It increases your willpower.
 I - an amulet of guardian spirit
 J - a +6 ring of dexterity
Wands
 b - a wand of mindburst (5)
 d - a wand of paralysis (3)
 h - a wand of digging (19)
Scrolls
 a - a scroll of fear
 m - a scroll of blinking
 n - 2 scrolls of immolation
 q - 5 scrolls of teleportation
 y - 4 scrolls of amnesia
 L - 6 scrolls of fog
 M - 13 scrolls of identify
 Q - 2 scrolls of silence
 Y - 5 scrolls of magic mapping
Potions
 e - 2 potions of invisibility
 i - 7 potions of heal wounds
 j - 2 potions of cancellation
 k - 6 potions of ambrosia
 l - 6 potions of resistance
 s - 3 potions of brilliance
 u - 4 potions of flight
 z - 7 potions of might
 A - 3 potions of berserk rage
 C - 6 potions of curing
 O - 6 potions of haste
 P - 3 potions of magic
 T - 3 potions of mutation
Miscellaneous
 c - a piece from Xom's chessboard (15/15)
 H - a piece from Xom's chessboard (15/15)


   Skills:
 + Level 15.9 Fighting
 * Level 15.6 Polearms
 + Level 14.8 Armour
 - Level 13.6 Dodging
 + Level 14.8 Shields
 - Level 12.8 Invocations


You had 19 spell levels left.
You didn't know any spells.
Your spell library contained the following spells:

 Spells                   Type           Power      Damage    Failure   Level
 Animate Skeleton         Necr           0%         N/A       80%         1
 Freeze                   Ice            0%         1d3       80%         1
 Shock                    Conj/Air       0%         1d3       80%         1
 Sting                    Tmut/Pois      0%         1d3       80%         1
 Corpse Rot               Necr/Air       N/A        N/A       91%         2
 Ensorcelled Hibernation  Hex/Ice        0%         N/A       91%         2
 Poisonous Vapours        Pois/Air       0%         N/A       91%         2
 Static Discharge         Conj/Air       0%         N/A       91%         2
 Sublimation of Blood     Necr           0%         N/A       91%         2
 Frozen Ramparts          Ice            0%         1d2       99%         3
 Inner Flame              Hex/Fire       0%         N/A       99%         3
 Mephitic Cloud           Conj/Pois/Air  0%         N/A       99%         3
 Spider Form              Tmut/Pois      0%         N/A       99%         3
 Swiftness                Air            0%         N/A       99%         3
 Tukima's Dance           Hex            0%         N/A       99%         3
 Airstrike                Air            0%         N/A       100%        4
 Cause Fear               Hex            0%         N/A       100%        4
 Dispel Undead            Necr           0%         3d6       100%        4
 Hailstorm                Conj/Ice       0%         3d3       100%        4
 Leda's Liquefaction      Hex/Erth       0%         N/A       100%        4
 Olgreb's Toxic Radiance  Pois           0%         N/A       100%        4
 Passage of Golubria      Tloc           N/A        N/A       100%        4
 Sticky Flame             Conj/Fire      0%         2d3       100%        4
 Summon Ice Beast         Ice/Summ       0%         N/A       100%        4
 Summon Lightning Spire   Summ/Air       0%         N/A       100%        4
 Agony                    Necr           0%         N/A       100%        5
 Bolt of Magma            Conj/Fire/Erth 0%         4d4       100%        5
 Fireball                 Conj/Fire      0%         3d3       100%        5
 Iskenderun's Battlesphe  Conj           0%         2d6       100%        5
 Lightning Bolt           Conj/Air       0%         1d11      100%        5
 Summon Mana Viper        Hex/Summ       0%         N/A       100%        5
 Yara's Violent Unravell  Hex/Tmut       0%         3d3       100%        5
 Iron Shot                Conj/Erth      0%         9d1       100%        6
 Shadow Creatures         Summ           N/A        N/A       100%        6
 Statue Form              Tmut/Erth      0%         N/A       100%        6
 Dragon Form              Tmut           0%         N/A       100%        7
 Monstrous Menagerie      Summ           0%         N/A       100%        7
 Spellforged Servitor     Conj/Summ      0%         N/A       100%        7
 Borgnjor's Revivificati  Necr           0%         N/A       100%        8
 Discord                  Hex            0%         N/A       100%        8
 Dragon's Call            Summ           0%         N/A       100%        9


Dungeon Overview and Level Annotations

Branches:
Dungeon (15/15)            Temple (1/1) D:5            Lair (6/6) D:8
  Swamp (4/4) Lair:3       Spider (4/4) Lair:4          Orc (2/2) D:12
    Elf (3/3) Orc:2        Vaults (0/5) D:14         Depths (0/5) D:15
Ossuary (visited)         Volcano (visited)         Gauntlet (visited)
  Slime: Lair:5-6

Altars:
Ashenzari
Cheibriados
Dithmenos
Elyvilon
Fedhas
Gozag
Hepliaklqana
Kikubaaqudgha
Makhleb
Nemelex Xobeh
Okawaru
Qazlal
Ru
Sif Muna
Trog
Uskayaw
Vehumet
Wu Jian
Xom
Yredelemnul
Zin
The Shining One
Beogh

Shops:
D:2 *   D:9 [*   D:14 :   D:15 =[   Orc:1 ?   Orc:2 =[?[

Portals:
Trove: D:14 (give 12 potions of heal wounds)

Annotations:
Lair:3 exclusion: 2 oklob plants
Elf:2 3 runed translucent doors
Elf:3 Asterion


Innate Abilities, Weirdness & Mutations

You have a pair of large horns on your head.
You sometimes emit foul miasma when damaged in melee.
You are mostly covered in sharp spines.
You are completely covered in razor-sharp scales. (AC +3, Slay +3)
You punish those that try to bend your will. (Will+)


Message History

The deep elf pyromancer mumbles some strange words.
The deep elf pyromancer blinks!
The deep elf sorcerer mumbles some strange words.
The deep elf sorcerer shimmers violently.
Your surroundings suddenly seem different.
A deep elf zephyrmancer comes into view.
It is wielding a +0 long sword.
You feel sick.
The deep elf zephyrmancer shouts!
The deep elf zephyrmancer casts a spell at you.
The bolt of lightning misses the blizzard demon.
The bolt of lightning hits you!!
* * * LOW HITPOINT WARNING * * *
Okay, then.
You feel better.
You block the blizzard demon's attack. x2
You impale the blizzard demon!! You headbutt the blizzard demon!
The blizzard demon is heavily wounded.
The blizzard demon closely misses you. You block the blizzard demon's attack.
You hit the blizzard demon.
The blizzard demon is heavily wounded.
You closely miss the blizzard demon.
The blizzard demon is heavily wounded.
The blizzard demon waves its arms in wide circles.
The air twists around and strikes you!
* * * LOW HITPOINT WARNING * * *
The deep elf zephyrmancer casts a spell at you.
The bolt of lightning misses you.
You feel better.
The deep elf zephyrmancer mumbles some strange words.
The deep elf zephyrmancer blinks!
You block the blizzard demon's attack. The blizzard demon misses you.
As you read the scroll of teleportation, it crumbles to dust.
You feel strangely unstable. You block the blizzard demon's attack.
The blizzard demon barely misses you.
Unknown command.
You hit the deep elf zephyrmancer. You drain the deep elf zephyrmancer.
Your headbutt misses the deep elf zephyrmancer.
The deep elf zephyrmancer is moderately wounded.
The deep elf zephyrmancer gestures at you while chanting.
The bolt of lightning hits you!!
You die...

.Ee§......# E.EEe.....#
EE)....)..# ##E.EeE.#.#
#......### #..#e#.# ##
####.### ###.###
##☼§.e○## ##.....##
##..☼....### #.@.....#
......e....##..2e.......
....e......##...........
...........##.....#.....
.......)...##....###e...
...........##..... ....
...........##E.... ...
##....)§.###...... ..
.##:....## ...


You could see a blizzard demon (summoned), an earth elemental and 2 deep elf
zephyrmancers.

Vanquished Creatures
  Nikola (Swamp:1)
  Arachne (Spider:4)
  Jorgrun (D:15)
  A Hell Sentinel (Spider:4)
  Rupert (Lair:4)
  A deep elf master archer (Elf:3)
  2 deep elf blademasters
  Kirke (Lair:4)
  3 thorn hunters
  A fenstrider witch (Swamp:1)
  A frost giant (D:15)
  3 ghost moths
  Aizul (Spider:3)
  An orc warlord (Orc:2)
  6 deep elf sorcerers
  10 emperor scorpions
  3 ghouls (Swamp:2)
  3 deep elf demonologists
  Nessos (D:15)
  2 bunyips
  An entropy weaver (Spider:4)
  2 deep elf annihilators (Elf:3)
  A minotaur (Gauntlet)
  A spark wasp (Spider:3)
  5 deep elf death magi
  6 eleionomae
  Snorg (D:14)
  2 fire dragons
  Josephine (D:14)
  3 deep elf high priests
  2 shambling mangroves
  8 vault guards (D:14)
  28 hydras
  Harold (D:11)
  6 boulder beetles
  7 centaur warriors
  A ghost crab (Swamp:3)
  A death knight (D:15)
  5 catoblepae
  28 dancing weapons
  8 alligators
  5 two-headed ogres
  7 tengu warriors
  4 orc high priests (Orc:2)
  6 death yaks (Gauntlet)
  9 deep elf knights
  Nergalle (Lair:3)
  17 skeletal warriors
  A deep troll (shapeshifter) (D:14)
  5 goliath frogs
  3 spriggan druids
  8 swamp dragons
  3 bog bodies
  5 lindwurms (Volcano)
  10 deep elf archers
  A phantasmal warrior (D:15)
  7 wolf spider zombies (Spider:1)
  5 spectral wolf spiders (Spider:1)
  24 deep elf pyromancers
  20 orb spiders
  31 deep elf zephyrmancers
  A necromancer (Gauntlet)
  2 oklob plants
  5 orc knights
  3 orc sorcerers (Orc:2)
  2 will-o-the-wisps
  3 moths of wrath
  29 wolf spiders
  4 manticores
  3 cyclopes
  2 ugly things (D:13)
  6 black mambas
  Maurice (D:9)
  15 elephants
  3 gargoyles
  3 torpor snails
  2 smoke demons (Volcano)
  6 rime drakes
  13 cane toads
  A rime drake (shapeshifter) (Elf:1)
  13 komodo dragons
  An unseen horror (D:11)
  2 freezing wraiths (D:15)
  2 kobold demonologists (D:14)
  11 demonic crawlers
  A tengu conjurer (D:15)
  11 polar bears
  34 jumping spiders
  8 trolls
  3 meliai (Spider:2)
  2 wolf spider simulacra (Spider:1)
  2 bloated husks
  17 hornets
  A troll (shapeshifter) (D:13)
  10 tyrant leeches
  Prince Ribbit (D:5)
  7 slime creatures
  2 raiju (Lair:6)
  9 dream sheep
  10 blink frogs (Lair:3)
  53 redbacks
  Sigmund (D:5)
  2 shadows
  6 wraiths
  19 yaks
  10 spriggans
  26 tarantellas
  4 air elementals
  4 wyverns
  A vampire (D:10)
  6 hogs (Lair:4)
  5 water elementals
  Grum (D:9)
  Eustachio (D:5)
  4 steam dragons
  2 fire elementals (Elf:1)
  6 basilisks
  15 vampire mosquitoes
  11 water moccasins
  5 wargs
  18 swamp worms
  5 acid dragons
  20 hell hounds
  37 orc warriors
  9 swamp drakes
  12 black bears
  A hornet zombie (D:7)
  A sky beast (D:7)
  33 wolves
  A wolf (shapeshifter) (D:14)
  20 ogres
  13 centaurs
  7 kobold brigands
  7 bullfrogs
  4 elf zombies (Ossuary)
  2 earth elementals
  A gnoll sergeant (D:8)
  A wyvern zombie (D:7)
  2 scorpions
  A water moccasin zombie (D:5)
  A wyvern skeleton (D:6)
  A killer bee (D:11)
  15 wights
  An electric eel (Lair:3)
  11 howler monkeys
  7 centaur zombies
  7 crimson imps (D:9)
  5 hounds
  3 human zombies (Ossuary)
  25 orc priests
  A gnoll shaman (D:8)
  2 jellies (D:5)
  Crazy Yiuf (D:5)
  3 bullfrog skeletons
  6 iguanas
  7 hell rats (Lair:2)
  11 orc wizards
  A killer bee zombie (D:7)
  A hound skeleton (D:5)
  2 howler monkey zombies
  3 mummies (Ossuary)
  8 gnolls (D:8)
  7 adders
  A shadow imp (D:9)
  A white imp (D:9)
  An ufetubus (D:6)
  4 adder zombies (Ossuary)
  A worm (D:4)
  A dart slug (D:1)
  77 orcs
  5 ball pythons
  7 endoplasms
  5 giant cockroaches
  8 goblins
  7 hobgoblins
  3 quokkas
  4 bats
  2 frilled lizards
  5 goblin zombies (Ossuary)
  7 hobgoblin zombies (Ossuary)
  4 jackal zombies (Ossuary)
  13 kobolds
  4 kobold zombies (Ossuary)
  An orc zombie (Ossuary)
  2 quokka zombies (Ossuary)
  2 rats (D:3)
  A briar patch (Swamp:3)
1257 creatures vanquished.

Vanquished Creatures (others)
  A deep elf knight (Elf:1)
  A deep elf pyromancer (Elf:2)
  A will-o-the-wisp (Swamp:1)
  2 bloated husks
  A hornet (Swamp:4)
  A dream sheep (Lair:3)
  A spriggan (Swamp:4)
  An iguana (Lair:6)
  A briar patch (Swamp:3)
  24 foxfires
  30 fungi
  84 plants
  3 toadstools (D:3)
  27 withered plants (Gauntlet)
178 creatures vanquished.

Grand Total: 1435 creatures vanquished

Notes
Turn   | Place    | Note
-------+----------+-------------------------------------------
     0 | D:1      | Sin92 the Demonspawn Fighter began the quest for the Orb.
     0 | D:1      | Reached XP level 1. HP: 18/18 MP: 1/1
   152 | D:1      | Gained mutation: You are partially covered in razor-sharp
                  | scales. (AC +1, Slay +1) [demonic ancestry]
   152 | D:1      | Reached XP level 2. HP: 23/24 MP: 2/2
   988 | D:2      | Reached skill level 1 in Dodging
   988 | D:2      | Reached XP level 3. HP: 21/29 MP: 3/3
  1190 | D:2      | Found Jokuoq's Assorted Antiques.
  1438 | D:2      | Found a faded altar of an unknown god.
  1824 | D:3      | Reached XP level 4. HP: 22/35 MP: 4/4
  2230 | D:3      | Found an ancient bone altar of Kikubaaqudgha.
  2231 | D:3      | Found a hazy altar of Hepliaklqana.
  2231 | D:3      | Found an ornate altar of the Wu Jian Council.
  2257 | D:3      | Found a blossoming altar of Fedhas.
  2912 | D:4      | Gained mutation: You are mostly covered in razor-sharp
                  | scales. (AC +2, Slay +2) [demonic ancestry]
  2912 | D:4      | Reached XP level 5. HP: 42/42 MP: 5/5
  2934 | D:4      | Found a burning altar of Makhleb.
  3004 | D:4      | Noticed an ogre
  3025 | D:4      | Noticed an ogre
  3029 | D:4      | Killed an ogre
  3054 | D:4      | Noticed a black bear
  3058 | D:4      | Killed a black bear
  3059 | D:4      | Gained mutation: You have a pair of small horns on your
                  | head. [demonic ancestry]
  3059 | D:4      | Reached XP level 6. HP: 48/48 MP: 6/6
  3175 | D:4      | Gained mutation: You are partially covered in sharp spines.
                  | [demonic ancestry]
  3175 | D:4      | Reached XP level 7. HP: 47/55 MP: 5/7
  3399 | D:5      | Entered Level 5 of the Dungeon
  3650 | D:5      | Noticed Sigmund
  3657 | D:5      | Killed Sigmund
  3815 | D:5      | Found a runed translucent door.
  3816 | D:5      | Noticed Crazy Yiuf
  3872 | D:5      | Found a broken altar of Ashenzari.
  3911 | D:5      | Noticed Eustachio
  3921 | D:5      | Killed Eustachio
  3922 | D:5      | Reached skill level 5 in Fighting
  4009 | D:5      | Found a staircase to the Ecumenical Temple.
  4009 | D:5      | Noticed Prince Ribbit
  4015 | D:5      | Gained mutation: You are mostly covered in sharp spines.
                  | [demonic ancestry]
  4015 | D:5      | Reached XP level 8. HP: 49/62 MP: 6/8
  4022 | D:5      | Killed Prince Ribbit
  4089 | Temple   | Entered the Ecumenical Temple
  4499 | Temple   | Became a worshipper of Warmaster Okawaru
  4810 | D:5      | Identified the +7 short sword "Omecsap" {antimagic, rC+ rN+
                  | Will++ Stlth+}
  4943 | D:5      | Killed Crazy Yiuf
  5204 | D:6      | Found a sand-covered staircase.
  5213 | Ossuary  | Entered an ossuary
  5257 | Ossuary  | Reached skill level 5 in Armour
  5266 | Ossuary  | Reached skill level 5 in Shields
  5437 | Ossuary  | Reached * piety under Okawaru
  5853 | D:6      | Reached skill level 5 in Polearms
  6001 | D:6      | Found the +0 mask of the Dragon {Will+ Slay+3 SInv}
  6232 | D:7      | Gained mutation: You are completely covered in razor-sharp
                  | scales. (AC +3, Slay +3) [demonic ancestry]
  6232 | D:7      | Reached XP level 9. HP: 69/69 MP: 9/9
  6552 | D:7      | Reached skill level 5 in Dodging
  6609 | D:7      | Reached ** piety under Okawaru
  7563 | D:8      | Found a sacrificial altar of Ru.
  8070 | D:8      | Found a staircase to the Lair.
  8230 | D:8      | Reached *** piety under Okawaru
  8566 | D:8      | Identified the ring of the Raven {EV+4 Str+3 Int+3}
  8796 | D:8      | Reached XP level 10. HP: 64/79 MP: 10/10
  8886 | D:8      | Found a snail-covered altar of Cheibriados.
  9215 | D:9      | Noticed Maurice
  9233 | D:9      | Killed Maurice
  9304 | D:9      | Reached **** piety under Okawaru
  9445 | D:9      | Noticed Grum
  9732 | D:9      | Noticed a tengu warrior
  9732 | D:9      | Noticed a centaur warrior
  9733 | D:9      | Found a transporter.
  9733 | D:9      | Noticed a tengu warrior
  9734 | D:9      | Found a transporter.
  9734 | D:9      | Noticed a centaur warrior
  9735 | D:9      | Found a bloodstained altar of Trog.
  9796 | D:9      | Found Biso's Assorted Antiques.
  9978 | D:9      | Found Feargh's Antique Armour Shoppe.
 10125 | D:9      | Identified the +3 chain mail of the Blind Marksman {rC+
                  | Dex+7 Stlth-}
 10165 | D:10     | Entered Level 10 of the Dungeon
 10295 | D:10     | Paralysed by a hornet for 1 turns
 10409 | D:10     | Found a shadowy altar of Dithmenos.
 11005 | D:10     | Noticed a cyclops
 11017 | D:10     | Killed a cyclops
 11017 | D:10     | Received a gift from Okawaru
 11633 | D:9      | Killed Grum
 11683 | Lair:1   | Entered Level 1 of the Lair of Beasts
 11717 | Lair:1   | Reached ***** piety under Okawaru
 11718 | Lair:1   | Gained mutation: You may rarely emit foul miasma when
                  | damaged in melee. [demonic ancestry]
 11718 | Lair:1   | Reached XP level 11. HP: 86/86 MP: 11/11
 12176 | Lair:1   | Noticed a six-headed hydra
 12185 | Lair:1   | Killed a six-headed hydra
 12807 | Lair:2   | Identified the +5 lajatang "Kupoam" {vorpal, rPois rN++
                  | Str-5 Stlth+} (Okawaru gifted it to you on level 2 of the
                  | Lair of Beasts)
 12807 | Lair:2   | Received a gift from Okawaru
 13539 | Lair:2   | Gained mutation: You punish those that try to bend your
                  | will. (Will+) [demonic ancestry]
 13539 | Lair:2   | Reached XP level 12. HP: 82/96 MP: 12/12
 13922 | Lair:3   | Reached ****** piety under Okawaru
 13922 | Lair:3   | Received a gift from Okawaru
 13949 | Lair:3   | Noticed a catoblepas
 13973 | Lair:3   | Killed a catoblepas
 14136 | Lair:3   | Noticed a six-headed hydra
 14137 | Lair:3   | Noticed Nergalle
 14137 | Lair:3   | Noticed a six-headed hydra
 14138 | Lair:3   | Noticed a five-headed hydra
 14519 | Lair:3   | Noticed a six-headed hydra
 14520 | Lair:3   | Noticed a seven-headed hydra
 14525 | Lair:3   | Killed a six-headed hydra
 14529 | Lair:3   | Killed a seven-headed hydra
 14661 | Lair:3   | Reached skill level 10 in Fighting
 14774 | Lair:3   | Killed a six-headed hydra
 14898 | Lair:3   | Noticed a seven-headed hydra
 14904 | Lair:3   | Killed a seven-headed hydra
 14955 | Lair:3   | Found a staircase to the Swamp.
 15117 | Lair:3   | Killed a six-headed hydra
 15155 | Lair:3   | Reached XP level 13. HP: 46/104 MP: 13/13
 15169 | Lair:3   | Killed Nergalle
 17080 | Lair:3   | Identified a scroll of acquirement
 17080 | Lair:3   | Acquired a +2 demon trident of electrocution
 17341 | Lair:4   | Found a dark tunnel.
 17349 | Volcano  | Entered a volcano
 17435 | Volcano  | Reached skill level 10 in Armour
 17780 | Volcano  | Reached skill level 10 in Shields
 17962 | Volcano  | Noticed a fire dragon
 17970 | Volcano  | Killed a fire dragon
 18474 | Lair:4   | Identified the +2 hat of Horuba {rElec rC++} (Okawaru
                  | gifted it to you on level 4 of the Lair of Beasts)
 18474 | Lair:4   | Received a gift from Okawaru
 18475 | Lair:4   | Reached skill level 10 in Polearms
 18657 | Lair:4   | Found a hole to the Spider Nest.
 18659 | Lair:4   | Noticed Kirke
 18659 | Lair:4   | Noticed Rupert
 19152 | Lair:4   | Killed Kirke
 19162 | Lair:4   | Killed Rupert
 19163 | Lair:4   | Reached skill level 10 in Dodging
 19858 | Lair:5   | You fall into a shaft and drop 1 floor!
 19858 | Lair:6   | Entered Level 6 of the Lair of Beasts
 19960 | Lair:6   | Found a gate leading to a gauntlet.
 19981 | Lair:6   | Reached XP level 14. HP: 27/113 MP: 14/14
 19990 | Gauntlet | Entered a Gauntlet
 19990 | Gauntlet | Found a transporter.
 20294 | Gauntlet | Found a transporter.
 20308 | Gauntlet | Found a transporter.
 20310 | Gauntlet | Found a large runed translucent door.
 20310 | Gauntlet | Found a large runed translucent door.
 20311 | Gauntlet | Found a large runed translucent door.
 20311 | Gauntlet | Found a large runed translucent door.
 20312 | Gauntlet | Found a large runed translucent door.
 20312 | Gauntlet | Found a large runed translucent door.
 20312 | Gauntlet | Found a runed translucent door.
 20312 | Gauntlet | Found a runed translucent door.
 20312 | Gauntlet | Found a large runed translucent door.
 20313 | Gauntlet | Found a transporter.
 20330 | Gauntlet | Found a transporter.
 20343 | Gauntlet | Found a large runed translucent door.
 20344 | Gauntlet | Found a large runed translucent door.
 20345 | Gauntlet | Found a large runed translucent door.
 20345 | Gauntlet | Found a large runed translucent door.
 20346 | Gauntlet | Found a runed translucent gate.
 20347 | Gauntlet | Found a transporter.
 20347 | Gauntlet | Found a runed translucent gate.
 20348 | Gauntlet | Found a runed translucent gate.
 20349 | Gauntlet | Found a large runed translucent door.
 20349 | Gauntlet | Found a large runed translucent door.
 20350 | Gauntlet | Found a large runed translucent door.
 20351 | Gauntlet | Found a large runed translucent door.
 20363 | Gauntlet | Found a transporter.
 20375 | Gauntlet | Found a transporter.
 20387 | Gauntlet | Found a transporter.
 20397 | Gauntlet | Noticed a quicksilver ooze
 20399 | Gauntlet | Found a transporter.
 20405 | Gauntlet | Found a transporter.
 20405 | Gauntlet | Found a transporter.
 20450 | Gauntlet | Found a transporter.
 20477 | Gauntlet | Found a transporter.
 20479 | Gauntlet | Found a transporter.
 20481 | Gauntlet | Found a transporter.
 20503 | Gauntlet | Found a transporter.
 20579 | Gauntlet | Found a large runed translucent door.
 20583 | Gauntlet | Found a transporter.
 20804 | Gauntlet | Identified the +0 hat of Gadiec {*Slow rElec Regen+ Str+6}
                  | (Okawaru gifted it to you in a Gauntlet)
 20804 | Gauntlet | Received a gift from Okawaru
 20867 | Gauntlet | Identified the ring of Dawn {rF+++ rN+++ Will+ Str-5 Dex+3}
 21108 | Gauntlet | Identified the +2 double sword "Ceomp" {vorpal, Int+2}
 21119 | Gauntlet | Got Gloorx Vloq's Almanac of Darkness
 21641 | Lair:6   | Reached skill level 1 in Invocations
 21843 | Lair:6   | Identified the +7 shortbow of the Volcano {venom, rElec
                  | Will+ Str-2 Dex+4}
 22140 | Lair:6   | Received a gift from Okawaru
 22190 | Lair:6   | Identified the +0 scale mail of Stoicism {rPois Regen+
                  | Int+4}
 23428 | Swamp:1  | Entered Level 1 of the Swamp
 23823 | D:9      | Bought a faintly glowing scale mail for 297 gold pieces
 23823 | D:9      | Identified the +6 scale mail of the Loofah {Fly rPois SInv}
                  | (You bought it in a shop on level 9 of the Dungeon)
 23891 | D:9      | Bought a glowing plate armour for 676 gold pieces
 24113 | D:11     | Reached XP level 15. HP: 121/121 MP: 18/18
 24200 | D:11     | Noticed Harold
 24204 | D:11     | Killed Harold
 24599 | D:11     | Reached skill level 5 in Invocations
 24619 | D:11     | Received a gift from Okawaru
 24620 | D:11     | Found the +2 hood of the Assassin {Detection Stab+ Stlth++}
 25368 | D:12     | Found a staircase to the Orcish Mines.
 25573 | D:12     | Identified the +1 pair of gloves of Tartarus {Drain rPois
                  | Regen+}
 27071 | D:14     | Noticed Snorg
 27078 | D:14     | Killed Snorg
 27207 | D:14     | Found a gate to the Vaults.
 27283 | D:14     | Found a portal to a secret trove of treasure.
 27402 | D:14     | Found Uvorchu's Book Boutique.
 27622 | D:14     | Received a gift from Okawaru
 27623 | D:14     | Noticed Josephine
 27635 | D:14     | Killed Josephine
 28237 | Orc:1    | Entered Level 1 of the Orcish Mines
 28237 | Orc:1    | Found Duklirgh's Magic Scroll Boutique.
 28299 | Orc:1    | Found a burning altar of Makhleb.
 28659 | Orc:2    | Entered Level 2 of the Orcish Mines
 28810 | Orc:2    | Received a gift from Okawaru
 29436 | Orc:2    | Found a staircase to the Elven Halls.
 29576 | Orc:2    | Reached XP level 16. HP: 130/130 MP: 21/21
 29764 | Orc:2    | Found Neps's Antique Armour Shoppe.
 29815 | Orc:2    | Found Hiub's Jewellery Boutique.
 29857 | Orc:2    | Bought a +6 ring of dexterity for 702 gold pieces
 30105 | Orc:2    | Found Finif's Armour Boutique.
 30116 | Orc:2    | Found Kaeno's Magic Scroll Shop.
 30137 | Orc:2    | Bought a scroll of acquirement for 676 gold pieces
 30137 | Orc:2    | Acquired the +5 trident "Goblinslayer" {drain, Int+2 Dex+2}
 30397 | Elf:1    | Entered Level 1 of the Elven Halls
 30491 | Elf:1    | Paralysed by an air elemental for 1 turns
 30508 | Elf:1    | Found a flickering gateway to a bazaar.
 30519 | Bazaar   | Entered a bazaar
 30540 | Bazaar   | Found Darphocve's Book Shoppe.
 30540 | Bazaar   | Found Qiapn's Distillery.
 30562 | Bazaar   | Found Xawaun Ehao's Armour Emporium.
 30578 | Bazaar   | Found Toatucach's Armour Shoppe.
 30578 | Bazaar   | Found Niluec's Book Emporium.
 30651 | Bazaar   | Bought a potion of might for 44 gold pieces
 30651 | Bazaar   | Bought a potion of might for 44 gold pieces
 30651 | Bazaar   | Bought a potion of might for 44 gold pieces
 30985 | Elf:1    | Received a gift from Okawaru
 31727 | Elf:1    | Identified the +0 kite shield "Ixiosaze" {Dex+5} (Okawaru
                  | gifted it to you on level 1 of the Elven Halls)
 31727 | Elf:1    | Received a gift from Okawaru
 32296 | Swamp:1  | Noticed Nikola
 32320 | Swamp:1  | Killed Nikola
 32454 | Swamp:1  | Reached skill level 10 in Invocations
 32590 | Swamp:1  | Reached XP level 17. HP: 138/138 MP: 24/24
 32817 | Swamp:2  | Acquired 515 gold pieces
 33582 | Swamp:3  | Identified the +4 shortbow of the Sugar Beet {flame, +Blink
                  | rPois Str+4 Int+4} (Okawaru gifted it to you on level 3 of
                  | the Swamp)
 33582 | Swamp:3  | Received a gift from Okawaru
 33957 | Swamp:4  | Entered Level 4 of the Swamp
 34160 | Swamp:4  | Received a gift from Okawaru
 34161 | Swamp:4  | Found the +3 warlock's mirror {reflect}
 34202 | Swamp:4  | Upgraded the game from 0.27-a0-1557-g57f10a385c to
                  | 0.27-a0-1565-gad902ab807
 34778 | Swamp:4  | Got a decaying rune of Zot
 35062 | Spider:1 | Entered Level 1 of the Spider Nest
 35265 | Spider:1 | Received a gift from Okawaru
 35266 | Spider:1 | Gained mutation: You sometimes emit foul miasma when
                  | damaged in melee. [demonic ancestry]
 35266 | Spider:1 | Reached XP level 18. HP: 139/147 MP: 26/26
 37222 | Spider:3 | Identified the +8 bardiche of the Doomed Warrior {freeze,
                  | *Corrode rN++ Int+2 Dex+3 SInv} (Okawaru gifted it to you
                  | on level 3 of the Spider Nest)
 37222 | Spider:3 | Received a gift from Okawaru
 37588 | Spider:4 | Entered Level 4 of the Spider Nest
 37592 | Spider:4 | Noticed Aizul
 37616 | Spider:3 | Killed Aizul
 37780 | Spider:4 | Found the amulet of Vitality {Regen+ HP+15}
 37805 | Spider:4 | Got the Incunabulum of Feathery Ignition
 37837 | Spider:4 | Noticed Arachne
 37873 | Spider:4 | Killed Arachne
 37913 | Spider:4 | Reached skill level 15 in Fighting
 37979 | Spider:4 | Noticed a Hell Sentinel
 38256 | Spider:4 | Killed a Hell Sentinel
 38285 | Spider:4 | Received a gift from Okawaru
 38368 | Spider:4 | Gained mutation: You have a pair of horns on your head.
                  | [demonic ancestry]
 38368 | Spider:4 | Reached XP level 19. HP: 112/155 MP: 2/28
 38528 | Spider:4 | Got a gossamer rune of Zot
 39050 | D:15     | Entered Level 15 of the Dungeon
 39078 | D:15     | Found Ranel's Armour Emporium.
 39309 | D:15     | Noticed Nessos
 39325 | D:15     | Killed Nessos
 39474 | D:15     | Noticed Jorgrun
 39486 | D:15     | Killed Jorgrun
 39511 | D:15     | Received a gift from Okawaru
 39610 | D:15     | Found a staircase to the Depths.
 39725 | D:15     | Found Jaoh Roff's Jewellery Shop.
 40010 | Elf:2    | Paralysed by an air elemental for 1 turns
 40312 | Elf:2    | Paralysed by an air elemental for 1 turns
 40611 | Elf:2    | Found a huge runed translucent gate.
 40611 | Elf:2    | Found a huge runed translucent gate.
 40611 | Elf:2    | Found a huge runed translucent gate.
 40614 | Elf:2    | Found a huge runed translucent gate.
 40616 | Elf:2    | Found a huge runed translucent gate.
 40723 | Elf:2    | Found a runed translucent gate.
 40723 | Elf:2    | Found a runed translucent gate.
 40723 | Elf:2    | Found a runed translucent gate.
 41074 | Elf:2    | Reached skill level 15 in Polearms
 41348 | Elf:2    | Received a gift from Okawaru
 41585 | Elf:3    | Entered Level 3 of the Elven Halls
 41590 | Elf:3    | Received a gift from Okawaru
 42007 | Elf:3    | Noticed a Brimstone Fiend
 42008 | Elf:3    | Noticed a Tzitzimitl
 42013 | Elf:3    | Noticed a Tzitzimitl
 42013 | Elf:3    | Noticed Asterion
 42055 | Elf:3    | Gained mutation: You have a pair of large horns on your
                  | head. [demonic ancestry]
 42055 | Elf:3    | Reached XP level 20. HP: 94/164 MP: 29/29
 42070 | Elf:3    | HP: 5/164 [deep elf zephyrmancer/bolt of lightning (25)]
 42074 | Elf:3    | HP: 2/164 [blizzard demon/the air[Asterion] (12)]
 42077 | Elf:3    | Killed from afar by a deep elf zephyrmancer

Illustrated notes

Levels and vault maps discovered:
D:1:      dpeg_arrival_pond, layout_basic, serial_forest,
          infiniplex_forest_lined_1, infiniplex_forest_end_double,
          infiniplex_forest_straight_4, infiniplex_forest_lined_corner,
          infiniplex_forest_lined_ring, infiniplex_forest_clump_small,
          infiniplex_forest_clump_tiny, infiniplex_forest_zigzag_1
D:2:      layout_basic, shapermc_ecumenical_altar_ellora, serial_shops, shop
D:3:      layout_basic, nicolae_overflow_quartered_altars, minivault_11,
          minmay_gold_behind_fungi
D:4:      layout_rooms, mainiacjoe_overflow_paths
D:5:      layout_loops_corners, mainiacjoe_overflow_chevrons,
          minmay_temple_entry_proselytizer, uniq_sigmund, uniq_eustachio,
          uniq_prince_ribbit1, uniq_crazy_yiuf_cottage
D:6:      layout_loops_corners, enter_ossuary_2
D:7:      layout_loops_ring, hangedman_decor_riveting
D:8:      layout_layer_cave, overflow_temple_1_default, marbit_many_paths,
          lair_entry_dummy
D:9:      layout_loops_ring, gammafunk_temple_overflow_arena, serial_shops,
          nicolae_shop_overgrown_old_shop, nicolae_diamond_shop,
          minmay_nine_imps, uniq_grum, uniq_maurice
D:10:     layout_long_grid, mainiacjoe_overflow_catwalk
D:11:     minmay_bubble_buster, layout_loops_ring, zin_statuary, uniq_harold
D:12:     layout_grid_maze, orc_0_dummy
D:13:     layout_irregular_city
D:14:     layout_layer_cave, erik_vaults_2, serial_shops,
          nicolae_shop_statue_plus, nicolae_trove_entry_free_sample,
          minivault_24, minmay_statues_item, uniq_snorg, uniq_josephine
D:15:     grunt_enter_depths_snipers, layout_cave_pools, serial_shops,
          nicolae_lakefront_shop, shop, uniq_nessos, uniq_jorgrun
Temple:   minmay_temple_forest_path
Lair:1:   layout_regular_city
Lair:2:   layout_long_grid, chequers_serial_rivers_large_b
Lair:3:   layout_layer_cave, skrybe_swamp_entry_bodies,
          minmay_lair_oklob_chamber, infiniplex_staircase_pool,
          serial_bayou_shore_a, grunt_megastairs_4, uniq_nergalle
Lair:4:   layout_cave_pods, dummy_spider_entry, nicolae_volcano_entry_hallway,
          serial_bayou_shore_b, uniq_rupert, uniq_kirke
Lair:5:   layout_regular_city, slime_altar_1, eino_small_chamber_without_monster
Lair:6:   hangedman_lair_caniforms_friends, layout_concentric_octagons,
          guppyfry_lair_end_dragon, gauntlet_entry_generic
Swamp:1:  layout_basic_swamp, hangedman_swamp_ruin_wall, uniq_nikola
Swamp:2:  layout_basic_swamp, evilmike_swamp_ruin_house_5,
          infiniplex_staircase_pool_2
Swamp:3:  layout_basic_swamp, serial_swamp_ruin, evilmike_swamp_ruin_house_6,
          evilmike_swamp_ruin_rubble_1, swamp_pool1
Swamp:4:  swamp, layout_basic_swamp, swamp_pool1, nicolae_swamp_catching_bugs
Spider:1: layout_spider_delve, nicolae_spider_undead_wolf_pack
Spider:2: layout_spider_delve, nicolae_spider_claw_tunnel
Spider:3: layout_spider_delve, nicolae_spider_eight_legs
Spider:4: grunt_spider_rune_circles, nicolae_spider_shape, uniq_arachne,
          uniq_aizul
Orc:1:    layout_diamond_mine, basic_altar, serial_shops, shop_statue,
          bloody_makhleb
Orc:2:    pubby_orc_utopia
Elf:1:    minmay_ambush_box, layout_onion_city, serial_shops, bzr_in_the_mist,
          hangedman_elf_represent, palyth_stone_intersect
Elf:2:    layout_onion_city, ploomutoo_gammafunk_ghost_potion_laboratory
Elf:3:    minmay_elf_hall_hex, layout_rooms, uniq_asterion

Skill      XL: |  1  2  3  4  5  6  7  8  9 10 11 12 13 14 15 16 17 18 19 |
---------------+----------------------------------------------------------+-----
Polearms       | 2 3 4 5 6 7 8 9 10 11 12 13 14 15 | 15.6
Armour         | 3 4 5 6 7 8 9 10 11 12 13 14 | 14.8
Dodging        | 1 2 3 4 5 6 8 9 10 11 12 13 | 13.6
Shields        | 3 4 5 6 7 8 9 10 11 12 13 14 | 14.8
Fighting       | 4 5 6 7 8 9 10 11 12 13 14 15 | 15.9
Invocations    | 4 7 10 11 12 | 12.8

Action                   |  1- 3 |  4- 6 |  7- 9 | 10-12 | 13-15 | 16-18 | 19-21 || total
-------------------------+-------+-------+-------+-------+-------+-------+-------++-------
Melee: Trident           |   124 |   113 |   317 |   432 |    45 |  1914 |   614 ||  3559
       Headbutt          |       |     1 |    68 |   148 |   343 |   678 |   165 ||  1403
       Demon trident     |       |       |       |       |  1096 |   174 |       ||  1270
Invok: Finesse           |       |       |       |       |     2 |     6 |     2 ||    10
Evoke: Wand              |       |       |       |       |     1 |       |       ||     1
  Use: Scroll            |     2 |     5 |     8 |     8 |    13 |     7 |     7 ||    50
       Potion            |       |     1 |     3 |     1 |     2 |     4 |     3 ||    14
 Stab: Petrified         |       |       |       |     7 |     2 |       |       ||     9
       Invisible         |       |       |       |       |     2 |       |       ||     2
       Distracted        |       |       |       |       |     2 |       |       ||     2
       Petrifying        |       |       |       |       |     1 |       |       ||     1
Armor: Scale mail        |    27 |       |       |       |       |       |       ||    27
       Chain mail        |    26 |    82 |    91 |   119 |   316 |   414 |    63 ||  1111
Dodge: Dodged            |    25 |    27 |    55 |   169 |   559 |  1122 |   188 ||  2145
Block: Kite shield       |    63 |    64 |   208 |   377 |  1039 |  1843 |   372 ||  3966
       Reflection        |       |       |    17 |     7 |    54 |    41 |    29 ||   148

Table legend: (Time is in decaauts)
 A = Elapsed time spent in this place.
 B = Non-inter-level travel time spent in this place.
 C = Inter-level travel time spent in this place.
 D = Time resting spent in this place.
 E = Time spent auto-exploring this place.
 F = Levels seen in this place.
 G = Mean time per level.
                   A        B        C        D        E       F      G
               +--------+--------+--------+--------+--------+-----+--------+
         Total |  41481 |  38742 |   2739 |   4588 |  25660 |  39 | 1063.6 |
       Dungeon |  16863 |  15430 |   1433 |   1766 |  11288 |  15 | 1124.2 |
        Temple |    453 |    398 |     55 |      0 |    395 |   1 |  453.0 |
          Lair |  10048 |   9530 |    518 |   2266 |   5780 |   6 | 1674.7 |
         Swamp |   2984 |   2797 |    187 |      0 |   1697 |   4 |  746.0 |
   Spider Nest |   3294 |   3053 |    241 |     18 |   2026 |   4 |  823.5 |
  Orcish Mines |   2203 |   1966 |    237 |      2 |   1322 |   2 | 1101.5 |
   Elven Halls |   3036 |   2969 |     67 |     35 |   1896 |   3 | 1012.0 |
        Bazaar |    179 |    179 |      0 |      0 |     98 |   1 |  179.0 |
       Ossuary |    418 |    418 |      0 |     40 |     52 |   1 |  418.0 |
       Volcano |    876 |    876 |      0 |    270 |    478 |   1 |  876.0 |
      Gauntlet |   1123 |   1123 |      0 |    191 |    626 |   1 | 1123.0 |
               +--------+--------+--------+--------+--------+-----+--------+

Top non-repeatable levels by time:
  Lair:3: 3512 daAuts
  Lair:6: 2356 daAuts
     D:8: 1842 daAuts
   Orc:2: 1770 daAuts
  Lair:4: 1728 daAuts
    D:10: 1566 daAuts
     D:7: 1512 daAuts
   Elf:2: 1399 daAuts
  Lair:2: 1329 daAuts
    D:12: 1296 daAuts
     D:9: 1244 daAuts
    D:14: 1227 daAuts
   Elf:1: 1201 daAuts
    D:11: 1178 daAuts
     D:5: 1174 daAuts
